AoeStats
← ckick123

Coastal Forest

510813723Analyzed
2v2 RM · 10h ago on Oct 2, 2026· 42m 12s· 4 players
Game mode
Random Map
Map size
Medium (4 player)
Population
200
Speed
Normal
Resources
Standard
Victory
Conquest
Starting age
Dark Age
Ending age
Imperial Age
RankedLock teamsTeams togetherTeam positionsShared explorationLock speedFull tech treeHidden civsTurbo modeCheats
Victory
Defeat
🇵🇪 Vikings · Peru
1111
+13
🇧🇷 Berbers · Brazil
1073
+15
🇹🇷 Lithuanians · Türkiye
1067
-15
🇹🇷 Sicilians · Türkiye
1021
-13
cmvaroda
6:35 Loom
9:23 Feudal Age
10:03 Double-Bit Axe
17:24 Castle Age
15:39 Horse Collar
17:41 Padded Archer Armor
17:39 Crossbowman
18:16 Stone Mining
27:00 Heavy Plow
31:32 Imperial Age
30:00 Bow Saw
30:49 Ballistics
33:15 Chemistry
33:36 Bloodlines
33:26 Husbandry
33:12 Light Cavalry
41:35 Wheelbarrow
41:29 Onager
Rasec
7:04 Loom
9:23 Feudal Age
10:47 Double-Bit Axe
17:47 Horse Collar
17:58 Gold Mining
20:15 Castle Age
23:33 Bow Saw
23:24 Heavy Plow
24:01 Gold Shaft Mining
23:26 Fletching
23:36 Padded Archer Armor
24:56 Bodkin Arrow
27:46 Ballistics
34:24 Imperial Age
32:31 Leather Archer Armor
33:29 Scale Barding Armor
33:34 Forging
34:45 Cavalier
36:43 Chain Barding Armor
36:59 Iron Casting
40:17 Blast Furnace
39:20 Bracer
41:22 Chemistry
ckick123
10:56 Feudal Age
11:23 Double-Bit Axe
11:21 Horse Collar
20:03 Castle Age
21:08 Man-at-Arms
21:49 Squires
22:25 Elite Skirmisher
22:37 Long Swordsman
34:46 Bow Saw
37:27 First Crusade
38:02 First Crusade
39:31 Pikeman
NELMAN
5:19 Loom
9:13 Feudal Age
14:22 Double-Bit Axe
14:47 Horse Collar
17:49 Castle Age
21:24 Bow Saw
22:47 Stone Mining
24:04 Bloodlines
24:52 Husbandry
28:24 Scale Barding Armor
28:30 Forging
29:17 Wheelbarrow
28:38 Town Watch
29:26 Heavy Plow
30:59 Iron Casting
31:12 Chain Barding Armor
34:05 Fletching
33:39 Elite Skirmisher
37:25 Imperial Age
35:24 Hand Cart
36:17 Thumb Ring
36:09 Bodkin Arrow
36:35 Padded Archer Armor
38:02 Ballistics
37:39 Murder Holes
40:38 Plate Barding Armor
40:52 Conscription
39:59 Light Cavalry
40:42 Bracer
40:58 Leather Archer Armor
43:07 Chemistry
Connection lost

Rejoining the realm…

Still unreachable

The connection could not be restored.

Session expired

The server has moved on; the page needs a fresh start.